 Dungeon Crawl Stone Soup version 0.31-a0-799-g6bc09d010c (webtiles) character file.

Game seed: 2187945407901218654

606 Pooter the Cleaver (level 7, -8/64 HPs)
             Began as a Minotaur Berserker on Sept 19, 2023.
             Was a Believer of Trog.
             Mangled by a gnoll
             ... wielding a +0 halberd
             ... led by a gnoll bouda
              (10 damage)
             ... on level 5 of the Dungeon.
             The game lasted 00:16:14 (4329 turns).

Pooter the Cleaver (Minotaur Berserker)             Turns: 4329, Time: 00:16:14

Health: -8/64      AC: 11    Str: 24    XL:     7   Next: 19%
Magic:  6/6        EV:  9    Int:  4    God:    Trog [**....]
Gold:   223        SH:  0    Dex:  9    Spells: 6/6 levels left

rFire   . . .        i - +1 halberd
rCold   . . .        (shield currently unavailable)
rNeg    + . .        o - +0 chain mail
rPois   .            (helmet restricted)
rElec   .            (no cloak)
rCorr   .            s - +2 pair of gloves
SInv    .            (no boots)
Will    .....        (no amulet) Stlth
                     N - ring of positive energy
HPRegen 0.30/turn    (no ring)
MPRegen 0.10/turn

%: no passive effects
@: on berserk cooldown, slowed, very slow
A: horns 2, retaliatory headbutt
a: Renounce Religion, Berserk, Trog's Hand


You were on level 5 of the Dungeon.
You worshipped Trog.
Trog was pleased with you.
You visited 1 branch of the dungeon, and saw 5 of its levels.

You collected 223 gold pieces.

Inventory:

Hand Weapons
 a - a +0 hand axe
 i - a +1 halberd (weapon)
   (You took it off a gnoll on level 4 of the Dungeon)
 u - a +0 trident
   (You took it off an orc on level 4 of the Dungeon)
Missiles
 p - 3 throwing nets {!f}
 q - 9 poisoned darts (quivered)
 w - 4 datura-tipped darts
 Q - 50 stones
Armour
 o - a +0 chain mail (worn)
   (You took it off Terence on level 2 of the Dungeon)
 s - a +2 pair of gloves (worn)
   (You found it on level 4 of the Dungeon)
Jewellery
 N - a ring of positive energy (left hand)
   (You found it on level 4 of the Dungeon)
Scrolls
 b - 2 scrolls of enchant armour
 d - 2 scrolls of noise {!r}
 e - a scroll of revelation {unknown}
 f - a scroll of poison {unknown}
 j - 2 scrolls of vulnerability {!r}
 k - a scroll of torment {!r}
 n - a scroll of immolation {unknown}
 t - 2 scrolls of teleportation {@r4}
 v - a scroll of enchant weapon
Potions
 c - a potion of invisibility {unknown}
 g - a potion of degeneration {unknown}
 h - a potion of heal wounds {unknown}
 l - a potion of curing {unknown}
 m - 2 potions of enlightenment {unknown}
 r - 2 potions of attraction {unknown}


   Skills:
 + Level 6.5 Fighting
 * Level 8.4 Axes
 - Level 2.4 Armour
 - Level 2.1 Dodging


You had 6 spell levels left.
You didn't know any spells.
Your spell library was empty.

Dungeon Overview and Level Annotations

Branches:
Dungeon (5/15) Zot: 25582
 Temple: D:4-7

Altars:
Fedhas
Okawaru
Qazlal
Yredelemnul
The Shining One

Shops:
D:4 (


Innate Abilities, Weirdness & Mutations

You have a pair of horns on your head.
You reflexively headbutt those who attack you in melee.


Message History

* * * LOW HITPOINT WARNING * * *
You hit the gnoll bouda.
The gnoll bouda hits you but does no damage.
The gnoll barely misses you. The gnoll closely misses you.
The gnoll hits you with a +0 flail.
* * * LOW HITPOINT WARNING * * *
The gnoll bouda completely misses you. The gnoll barely misses you.
The gnoll hits you from afar with a +0 halberd.
* * * LOW HITPOINT WARNING * * *
The gnoll barely misses you.
As you read the scroll labelled VYESAON UPSIU, it crumbles to dust.
It is a scroll of enchant weapon.
Your +0 halberd glows red for a moment.
The gnoll is no longer moving quickly.
The gnoll bouda hits you but does no damage.
The gnoll hits you with a +0 whip.
* * * LOW HITPOINT WARNING * * *
The gnoll barely misses you. The gnoll closely misses you.
The gnoll bouda gazes fiercely through you!
You feel as though you will be weak longer.
The gnoll bouda hits you with a +0 club.
* * * LOW HITPOINT WARNING * * *
You closely miss the gnoll bouda. You headbutt the gnoll bouda.
You kill the gnoll bouda!
Trog accepts your kill.
The gnoll is no longer moving quickly.
The gnoll closely misses you. The gnoll barely misses you.
The gnoll closely misses you. You furiously retaliate!
You headbutt the gnoll. The gnoll barely misses you.
The gnoll closely misses you. You furiously retaliate!
You headbutt the gnoll. The gnoll barely misses you.
You hit the gnoll. You headbutt the gnoll. The gnoll closely misses you. x2
The gnoll barely misses you. The gnoll closely misses you.
The gnoll hits you but does no damage.
You slash the gnoll!
You kill the gnoll!
Trog accepts your kill. The gnoll completely misses you.
The gnoll barely misses you. You furiously retaliate!
You headbutt the gnoll! The gnoll hits you but does no damage.
The gnoll barely misses you.
You barely miss the gnoll. Your headbutt misses the gnoll.
The gnoll barely misses you. x2; The gnoll completely misses you.
The gnoll hits you but does no damage.
You slash the gnoll!
You kill the gnoll!
Trog accepts your kill.
Your attacks no longer feel as feeble.
The gnoll hits you from afar with a +0 halberd.
* * * LOW HITPOINT WARNING * * *
The gnoll hits you but does no damage. The gnoll hits you with a +0 halberd!
You die...

...###.####'##..##..##+##
...'....#....#..........#
...#....#....#÷.######..#
...#....#....#..# ####
...##..#######.÷#
....#..##.####..# .
....#...........#####...
....#..........)#.......
....#...........@g......
....#########..)#....###
####........#####....#
#........# #####
#........# #........#
#........# #........#
#........#


You could see a gnoll.

Vanquished Creatures
  An ice beast (D:5)
  An ogre (D:5)
  A scorpion (D:5)
  A gnoll bouda (D:5)
  A jelly (D:5)
  Terence (D:2)
  An orc wizard (D:4)
  11 gnolls
  8 adders
  An ufetubus (D:4)
  A dart slug (D:1)
  8 orcs
  2 ball pythons
  3 bats
  5 endoplasms
  2 giant cockroaches
  7 goblins
  5 hobgoblins
  10 jackals
  5 quokkas
  3 frilled lizards
  4 kobolds
  3 rats (D:1)
85 creatures vanquished.

Notes
Turn   | Place    | Note
-------+----------+-------------------------------------------
     0 | D:1      | Pooter the Minotaur Berserker began the quest for the Orb.
     0 | D:1      | Reached XP level 1. HP: 19/19 MP: 0/0
   111 | D:1      | Reached skill level 4 in Axes
   144 | D:1      | Reached XP level 2. HP: 22/27 MP: 1/1
   694 | D:1      | Reached ** piety under Trog
   706 | D:1      | Reached XP level 3. HP: 29/33 MP: 2/2
  1340 | D:2      | Reached skill level 5 in Axes
  1437 | D:2      | Reached XP level 4. HP: 41/41 MP: 3/3
  1701 | D:2      | Noticed Terence
  1709 | D:2      | Killed Terence
  2038 | D:3      | Found a stormy altar of Qazlal.
  2038 | D:3      | Found a blossoming altar of Fedhas.
  2143 | D:3      | Reached skill level 5 in Fighting
  2143 | D:3      | Reached skill level 6 in Axes
  2143 | D:3      | Reached XP level 5. HP: 48/48 MP: 4/4
  2160 | D:3      | Found an iron altar of Okawaru.
  3310 | D:4      | Found Mouwil's Antique Weapon Boutique.
  3446 | D:4      | Found a basalt altar of Yredelemnul.
  3448 | D:4      | Noticed a profane servitor
  3453 | D:4      | Found a glowing golden altar of the Shining One.
  3455 | D:4      | Noticed an angel
  3736 | D:5      | Entered Level 5 of the Dungeon
  3738 | D:5      | Reached skill level 7 in Axes
  3738 | D:5      | Reached XP level 6. HP: 56/56 MP: 5/5
  4154 | D:5      | Noticed an ice beast
  4164 | D:5      | Killed an ice beast
  4165 | D:5      | Reached skill level 8 in Axes
  4196 | D:5      | Reached XP level 7. HP: 56/64 MP: 6/6
  4328 | D:5      | HP: 2/64 [gnoll/+0 halberd[a gnoll bouda] (6)]
  4329 | D:5      | Mangled by a gnoll

Illustrated notes

Levels and vault maps discovered:
D:1:      heliophobic_arrival_battle_scene, layout_basic
D:2:      layout_basic, uniq_terence
D:3:      layout_rooms, grunt_temple_overflow_forces_of_nature,
          old_standard_altar, chequers_serial_rivers_small_a, st_stairs_12,
          corexii_corridor_pit, roderic_roman_lattice
D:4:      layout_layer_cave, grunt_temple_overflow_holy_war, serial_shops,
          nicolae_shop_crystal
D:5:      layout_gridville

Skill      XL: |  1  2  3  4  5  6 |
---------------+-------------------+-----
Axes           | 4 5 6 7 8 |  8.4
Fighting       | 4 5 6 |  6.5
Armour         | |  2.4
Dodging        | |  2.1

Action                     |  1- 3 |  4- 6 |  7- 9 || total
---------------------------+-------+-------+-------++-------
  Melee: Hand axe          |    76 |    86 |       ||   162
         Headbutt          |     6 |    12 |     5 ||    23
         Punch             |       |     2 |       ||     2
         Halberd           |       |    47 |    11 ||    58
  Throw: Stone             |     4 |     6 |       ||    10
         Dart              |       |     4 |     1 ||     5
 Invoke: Berserk           |     3 |     3 |     1 ||     7
         Trog's Hand       |     1 |     2 |       ||     3
    Use: Scroll            |     1 |     4 |     1 ||     6
 Armour: Animal skin       |    29 |       |       ||    29
         Scale mail        |     8 |       |       ||     8
         Ring mail         |     4 |    12 |       ||    16
         Chain mail        |       |    86 |    40 ||   126
  Dodge: Dodged            |    49 |    61 |    35 ||   145

Table legend: (Time is in decaauts)
 A = Elapsed time spent in this place.
 B = Non-inter-level travel time spent in this place.
 C = Inter-level travel time spent in this place.
 D = Time resting spent in this place.
 E = Time spent auto-exploring this place.
 F = Levels seen in this place.
 G = Mean time per level.
                   A        B        C        D        E       F      G
               +--------+--------+--------+--------+--------+-----+--------+
         Total |   4416 |   4278 |    138 |    330 |   3203 |   5 |  883.2 |
       Dungeon |   4416 |   4278 |    138 |    330 |   3203 |   5 |  883.2 |
               +--------+--------+--------+--------+--------+-----+--------+

Top non-repeatable levels by time:
     D:1: 1310 daAuts
     D:4: 1239 daAuts
     D:2: 772 daAuts
     D:5: 590 daAuts
     D:3: 502 daAuts
